 Dungeon Crawl Stone Soup version 0.29.0-10-g45618ea6d2 (webtiles) character file.

Game seed: 15445250903427502551

37 SensoryNuts the Trooper (level 3, -1/43 HPs)
             Began as a Demonspawn Fighter on Sept 2, 2022.
             Succumbed to a goblin's poison
             ... on level 2 of the Dungeon.
             The game lasted 00:00:59 (1105 turns).

SensoryNuts the Trooper (Demonspawn Fighter)        Turns: 1105, Time: 00:01:00

Health: -1/43      AC: 21    Str: 16    XL:     3   Next: 23%
Magic:  3/3        EV:  2    Int:  9    God:
Gold:   43         SH:  5    Dex: 20    Spells: 2/2 levels left

rFire   . . .      SeeInvis .   a - +0 long sword
rCold   . . .      Faith    .   c - +0 buckler
rNeg    . . .      Spirit   .   (body armour currently unavailable)
rPois   +          Reflect  .   (helmet currently unavailable)
rElec   .          Harm     .   (cloak currently unavailable)
rCorr   .          Rampage  .   (gloves currently unavailable)
Will    +....      NoTele   +   (boots currently unavailable)
Stlth   ++........              (no amulet)
HPRegen 0.14/turn               i - +6 ring of dexterity
MPRegen 0.08/turn               (no ring)

@: lethally poisoned (-1 -> -11), tree-form
A: stationary, stasis, torment immunity, boosted hp, (weakness stinger 1),
(demonic touch 1), (stinger 1), strong-willed 1
a: no special abilities


You were on level 2 of the Dungeon.
You were a tree.
You visited 1 branch of the dungeon, and saw 2 of its levels.

You collected 43 gold pieces.

Inventory:

Hand Weapons
 a - a +0 long sword (weapon)
Armour
 b - a +0 scale mail (melded)
 c - a +0 buckler (worn)
 l - a +2 pair of gloves (melded)
 m - a +0 barding
Jewellery
 i - a +6 ring of dexterity (left branch)
Scrolls
 e - a scroll of magic mapping {unknown}
 f - 4 scrolls of teleportation {unknown}
 g - 5 scrolls of identify {unknown}
 k - a scroll of butterflies {unknown}
Potions
 d - a potion of might
 j - a potion of lignification


   Skills:
 + Level 3.2 Fighting
 * Level 2.6 Long Blades
 + Level 3.0 Armour
 + Level 2.9 Shields


You had 2 spell levels left.
You didn't know any spells.
Your spell library was empty.

Dungeon Overview and Level Annotations

Branches:
Dungeon (2/15)

Altars:

Annotations:
D:2 Robin


Innate Abilities, Weirdness & Mutations

You are a tree.
Your roots penetrate the ground, keeping you stationary.
You cannot be teleported.
You are immune to unholy pain and torment.
Your maximum health is greatly increased.
Your equipment is partially melded.
((You have a small tail.))
((Your touch may inflict minor irresistible damage on your foes.))
((Your tail ends in a venomous barb.))
You are strong-willed. (Will+)


Message History

Robin throws the goblin at you! The goblin barely misses you.
The goblin hits you but does no damage. The goblin barely misses you.
The goblin hits you with a +1 dagger of venom.
You are poisoned.
The goblin moves out of view.
You slash the goblin!
You kill the goblin!
You feel sick. The goblin barely misses you. You block the goblin's attack.
You hit Robin but do no damage.
You feel sick.
The goblin hits you with a +1 dagger of venom.
You are more poisoned.
The goblin hits you but does no damage. Robin hits you with a +0 mace.
You slash Robin!
Robin is severely wounded.
You feel sick. You block the goblin's attack.
Robin hits you but does no damage. The goblin hits you with a +0 club.
The goblin closely misses you. Robin hits you with a +0 mace.
The goblin hits you with a +1 dagger of venom.
* * * LOW HITPOINT WARNING * * *
You are more poisoned.
It was a potion of flight.
You feel very buoyant.
You fly up into the air.
* * * LOW HITPOINT WARNING * * *
You feel very sick. The goblin barely misses you.
The goblin hits you but does no damage. Robin hits you but does no damage.
It was a potion of lignification.
You turn into a tree.
Your +2 pair of gloves melds into your body.
Your +0 scale mail melds into your body.
Your roots penetrate the ground.
* * * LOW HITPOINT WARNING * * *
You feel very sick.
The goblin hits you with a +1 dagger of venom.
* * * LOW HITPOINT WARNING * * *
The goblin hits you but does no damage. Robin barely misses you.
It was a potion of mutation.
You feel extremely strange.
A venomous barb forms on the end of your tail.
You feel strong-willed.
You die... ####.# ##... ..##.# #...# #.##.# ..... # #.##.# .gg #.##<##.# ggg

#.......# #g# ####.####
#g# #.##### ##♣##
#.....# ##gg.## #####.#
##.....## ### #.#
#.......## ##.###>#
...........####......#
............†.........#
###.........####......#
#.......)## ##.##.##
#.#.....## ####.#


You could see Robin, 3 hobgoblins and 5 goblins.

Vanquished Creatures
  Natasha (D:2)
  A dart slug (D:1)
  2 endoplasms (D:1)
  2 goblins
  A hobgoblin (D:1)
  A quokka (D:1)
  2 bats (D:1)
  A rat (D:1)
11 creatures vanquished.

Notes
Turn   | Place    | Note
-------+----------+-------------------------------------------
     0 | D:1      | SensoryNuts the Demonspawn Fighter began the quest for the
                  | Orb.
     0 | D:1      | Reached XP level 1. HP: 18/18 MP: 1/1
   611 | D:1      | Discovered your monstrous ancestry.
   611 | D:1      | Gained mutation: You have a small tail. [demonic ancestry]
   611 | D:1      | Reached XP level 2. HP: 24/24 MP: 2/2
  1084 | D:2      | Noticed Natasha
  1088 | D:2      | Noticed a crimson imp
  1088 | D:2      | Killed Natasha
  1089 | D:2      | Gained mutation: Your touch may inflict minor irresistible
                  | damage on your foes. [demonic ancestry]
  1089 | D:2      | Reached XP level 3. HP: 29/29 MP: 3/3
  1096 | D:2      | Noticed Robin
  1104 | D:2      | HP: 2/43 [poisoned by a goblin]
  1105 | D:2      | Gained mutation: Your tail ends in a venomous barb. [potion
                  | of mutation]
  1105 | D:2      | Gained mutation: You are strong-willed. (Will+) [potion of
                  | mutation]
  1105 | D:2      | Succumbed to a goblin's poison

Illustrated notes

Levels and vault maps discovered:
D:1:      heliophobic_arrival_ceremonial_halls, layout_loops_ring, hex_medium,
          minmay_tetromino_t2
D:2:      layout_loops_corners, uniq_jessica, uniq_robin, uniq_natasha

Skill      XL: |  1  2 |
---------------+-------+-----
Long Blades    | 2 |  2.6
Armour         | 3 |  3.0
Fighting       | |  3.2
Shields        | |  2.9

Action                   || total
-------------------------++-------
Melee: Long sword        ||    42
       Tailslap          ||     4
  Use: Potion            ||     3
Armor: Scale mail        ||    19
       Skin              ||     1
Dodge: Dodged            ||    25
Block: Buckler           ||    10
